 Dungeon Crawl Stone Soup version 0.25-a0-290-g4a1327ee3a (webtiles) character file.

Game seed: 18411737028409202626, levelgen mode: classic

168 Borgoz the Skirmisher (level 5, -4/33 HPs)
             Began as a Kobold Fighter on Dec 15, 2019.
             Slain by an iguana (12 damage)
             ... on level 4 of the Dungeon.
             The game lasted 00:04:43 (2607 turns).

Borgoz the Skirmisher (Kobold Fighter)              Turns: 2607, Time: 00:04:44

Health: -4/33      AC:  6    Str: 15    XL:     5   Next: 77%
Magic:  5/5        EV: 20    Int:  9    God:
Gold:   148        SH:  0    Dex: 19    Spells: 4/4 levels left

rFire    . . .     SeeInvis .   t - +0 short sword (flame)
rCold    . . .     Gourm    .   (shield restricted)
rNeg     . . .     Faith    .   d - +1 leather armour {MR+}
rPois    .         Spirit   .   e - +0 helmet
rElec    .         Reflect  .   (no cloak)
rCorr    .         Harm     .   w - +0 pair of gloves
MR       +....                  (no boots)
Stlth    +++++.....             (no amulet)
HPRegen  0.11/turn              k - ring of stealth
MPRegen  0.09/turn              l - ring of stealth

@: agile
A: small, carnivore
a: no special abilities


You were on level 4 of the Dungeon.
You were very full.

You visited 1 branch of the dungeon, and saw 4 of its levels.

You collected 148 gold pieces.

Inventory:

Hand Weapons
 a - a +0 rapier
 t - a +0 short sword of flaming (weapon)
Armour
 c - a +0 shield
 d - a +1 leather armour of magic resistance (worn)
 e - a +0 helmet (worn)
 w - a +0 pair of gloves (worn)
Jewellery
 b - an uncursed ring of ice
 k - a ring of stealth (left hand)
 l - a ring of stealth (right hand)
 s - an uncursed ring of resist corrosion
Scrolls
 g - 3 scrolls of remove curse
 h - 2 scrolls of teleportation {unknown}
 i - a scroll of random uselessness {unknown}
 m - a scroll of amnesia {unknown}
 o - 2 scrolls of magic mapping {unknown}
 q - a scroll of fear {unknown}
 r - 2 scrolls of identify {unknown}
 x - a scroll of enchant weapon {unknown}
Potions
 j - a potion of brilliance {unknown}
 n - 2 potions of invisibility {unknown}
 p - a potion of agility
 u - a potion of curing {unknown}
 v - a potion of lignification {unknown}
 z - a potion of haste {unknown}
 A - a potion of berserk rage {unknown}
Comestibles
 f - 7 rations


   Skills:
 * Level 4.3 Fighting
 * Level 4.3 Short Blades
 * Level 3.2 Armour
 * Level 2.7 Dodging
 + Level 0.3 Stealth
 - Level 2.4 Shields


You had 4 spell levels left.
You didn't know any spells.
Your spell library was empty.

Dungeon Overview and Level Annotations

Branches:
Dungeon (4/15)
 Temple: D:4-7

Altars:
Qazlal
Trog
Zin

Shops:
D:4 %


Innate Abilities, Weirdness & Mutations

You are small and have problems with some larger weapons.
You are carnivorous and can eat meat at any time.


Message History

The iguana bites you.
You barely miss the iguana.
The iguana is severely wounded.
The iguana barely misses you.
You hit the iguana but do no damage.
The iguana is severely wounded.
The iguana bites you!
You are too injured to fight recklessly!
You are too injured to fight recklessly!
You hit the iguana but do no damage.
The iguana is severely wounded.
The iguana bites you.
* * * LOW HITPOINT WARNING * * *
Okay, then.
You aren't carrying any items that you can evoke.
Okay, then.
It was a potion of agility.
You feel agile all of a sudden. The iguana bites you!
You die...

##### #.$<## #.#.. #.
#...# # ###..
#####..###.##
###...###.......@l..#
#E#...#E#####..###......
###...#######..# .....
...............# #.##
...._....####.## #
.........####.###
###...###........
#E#...#E#..(...##
###...########.#


You could see an iguana.

Vanquished Creatures
  An orc priest (D:3)
  An orc wizard (D:3)
  3 adders
  A shadow imp (D:2)
  2 oozes (D:1)
  A leopard gecko (D:3)
  6 orcs (D:3)
  A ball python (D:1)
  6 bats
  4 giant cockroaches
  7 goblins
  4 hobgoblins
  3 jackals (D:2)
  10 kobolds
  2 quokkas
  3 frilled lizards
  7 rats
62 creatures vanquished.

Notes
Turn   | Place    | Note
-------+----------+-------------------------------------------
     0 | D:1      | Borgoz the Kobold Fighter began the quest for the Orb.
     0 | D:1      | Reached XP level 1. HP: 14/14 MP: 1/1
    77 | D:1      | Reached XP level 2. HP: 15/19 MP: 2/2
    80 | D:1      | Reached skill level 1 in Dodging
   338 | D:1      | You fall into a shaft and drop 1 floor!
   338 | D:2      | Found a bloodstained altar of Trog.
   641 | D:2      | Reached XP level 3. HP: 17/24 MP: 3/3
  1399 | D:1      | Reached XP level 4. HP: 29/29 MP: 4/4
  1914 | D:3      | Reached XP level 5. HP: 14/33 MP: 5/5
  2327 | D:3      | Found a glowing silver altar of Zin.
  2500 | D:4      | Found Itzesul's Food Shop.
  2571 | D:4      | Found a stormy altar of Qazlal.
  2581 | D:4      | Noticed a water elemental
  2581 | D:4      | Noticed an air elemental
  2581 | D:4      | Noticed a fire elemental
  2607 | D:4      | Slain by an iguana

Levels and vault maps discovered:
D:1:      tarquinn_simple_flora_water_b, layout_basic
D:2:      layout_basic, corexii_item_surrounded_by_moat, bloody_trog
D:3:      layout_rooms, zin_treasury
D:4:      minmay_goblin_kobold_castle, layout_loops_ring,
          nicolae_qazlal_style_of_elements, grunt_temple_overflow_diamond,
          serial_shops, shop, first_ration, minmay_manual_mail

Skill      XL: |  1  2  3  4 |
---------------+-------------+-----
Short Blades   | 3 4 |  4.3
Dodging        | 1 2 |  2.7
Fighting       | 4 |  4.3
Armour         | 3 |  3.2
Stealth        | |  0.3
Shields        | |  2.4

Action                   |  1- 3 |  4- 6 || total
-------------------------+-------+-------++-------
Melee: Rapier            |    84 |       ||    84
       Short sword       |     3 |   116 ||   119
  Use: Scroll            |     1 |       ||     1
       Potion            |       |     2 ||     2
 Stab: Sleeping          |     3 |     4 ||     7
  Eat: Chunk             |    10 |     3 ||    13
Armor: Scale mail        |    33 |    29 ||    62
       Leather armour    |       |     8 ||     8
Dodge: Dodged            |    32 |    87 ||   119
Block: Shield            |    32 |       ||    32

Table legend:
 A = Non-vault XP
 B = Vault XP
 C = Vault XP percentage of total XP
 D = Non-vault monster count
 E = Vault monster count
 F = Vault count percentage of total count
                 A         B        C        D         E       F
            +---------+---------+-------+---------+---------+-------
      Total |     236 |       4 |   1.7 |      59 |       3 |   4.8
            +---------+---------+-------+---------+---------+-------
        D:1 |      43 |       0 |   0.0 |      21 |       0 |   0.0
        D:2 |      44 |       0 |   0.0 |      13 |       0 |   0.0
        D:3 |     136 |       0 |   0.0 |      24 |       0 |   0.0
        D:4 |      13 |       4 |  23.5 |       1 |       3 |  75.0
            +---------+---------+-------+---------+---------+-------
